 Dungeon Crawl Stone Soup version 0.29.0-11-gd7f09526c8 (webtiles) character file.

Game seed: 17252023657967183560

85387 Flugkiller the Severer (level 15, -4/145 HPs)
             Began as a Minotaur Fighter on Sept 6, 2022.
             Was an Initiate of Gozag.
             Slain by an orc knight
             ... wielding a +1 halberd of venom
              (32 damage)
             ... on level 2 of the Orcish Mines.
             The game lasted 00:11:21 (24789 turns).

Flugkiller the Severer (Minotaur Fighter)          Turns: 24789, Time: 00:11:22

Health: -4/145     AC: 34    Str: 21    XL:     15   Next: 37%
Magic:  23/23      EV: 11    Int:  5    God:    Gozag
Gold:   3814       SH:  0    Dex: 20    Spells: 14/14 levels left

rFire   . . .      SeeInvis .   J - +6 battleaxe (freeze)
rCold   . . .      Faith    .   (shield currently unavailable)
rNeg    . . .      Spirit   .   S - +1 crystal plate armour of Ididwakh {Harm}
rPois   .          Reflect  .   (helmet restricted)
rElec   .          Harm     +   B - +0 cloak
rCorr   .          Rampage  +   F - +2 pair of gloves {Dex+3}
Will    ++...                   d - +2 pair of boots {rampage}
Stlth   ..........              (no amulet)
HPRegen 0.34/turn               m - ring of willpower
MPRegen 0.18/turn               E - ring of Qousmine {MP+9 Slay+4 Stlth+}

@: studying Shields
A: horns 2, retaliatory headbutt
a: Renounce Religion, Potion Petition, Call Merchant, Bribe Branch


You were on level 2 of the Orcish Mines.
You worshipped Gozag.
Gozag was most pleased with you.
You visited 4 branches of the dungeon, and saw 23 of its levels.

You collected 5879 gold pieces.
You spent 1948 gold pieces at shops.
You paid 117 gold pieces to Gozag.

Inventory:

Hand Weapons
 a - a +0 war axe of protection
 D - a +1 vorpal war axe
   (You found it on level 7 of the Dungeon)
 J - a +6 battleaxe of freezing (weapon)
   (You took it off a wight on level 8 of the Dungeon)
Missiles
 c - 2 throwing nets (quivered)
Armour
 d - a +2 pair of boots of rampaging (worn)
   (You found it on level 12 of the Dungeon)
 x - a +2 kite shield
   (You found it on level 9 of the Dungeon)
 B - a +0 cloak (worn)
   (You found it on level 1 of the Dungeon)
 F - a +2 pair of gloves of dexterity (worn)
   (You bought it in a shop on level 3 of the Dungeon)
 H - the +4 chain mail of the Blacksmith {+Inv Fly rN+ Str-5}
   (You found it on level 8 of the Dungeon)

   Str:       It affects your strength (-5).
   rN:        It protects you from negative energy.
   +Inv:      It lets you turn invisible.
   Fly:       It grants you flight.
 S - the +1 crystal plate armour of Ididwakh (worn) {Harm}
   (You acquired it on level 3 of the Dungeon)

   Harm:      It increases damage dealt and taken.
Jewellery
 k - a ring of resist corrosion
   (You found it on level 13 of the Dungeon)
 m - a ring of willpower (left hand)
   (You found it on level 1 of the Dungeon)
 E - the ring of Qousmine (right hand) {MP+9 Slay+4 Stlth+}
   (You took it off an orc on level 7 of the Dungeon)

   [ring of slaying]

   Slay:      It affects your accuracy & damage with ranged weapons and melee
   (+4).
   MP:        It affects your magic capacity (+9).
   Stlth:     It makes you more stealthy.
Wands
 g - a wand of digging (11)
   (You found it on level 4 of the Lair of Beasts)
 G - a wand of light (6)
   (You found it on level 7 of the Dungeon)
 K - a wand of paralysis (5)
   (You found it on level 8 of the Dungeon)
 L - a wand of iceblast (11)
   (You found it on level 10 of the Dungeon)
Scrolls
 f - 3 scrolls of fear
 j - 4 scrolls of enchant armour
 l - 2 scrolls of magic mapping
 t - 10 scrolls of teleportation
 u - 5 scrolls of enchant weapon
 v - 4 scrolls of fog
 y - 3 scrolls of silence
 z - 5 scrolls of blinking
 A - 5 scrolls of vulnerability
 P - 2 scrolls of immolation
Potions
 b - 4 potions of cancellation
 e - 2 potions of berserk rage
 h - 3 potions of haste
 i - 5 potions of mutation
 n - 2 potions of resistance
 o - a potion of ambrosia
 p - 6 potions of magic
 q - 9 potions of curing
 w - 3 potions of heal wounds
 O - 2 potions of flight
 Q - a potion of invisibility
 R - 6 potions of lignification
Miscellaneous
 C - a tin of tremorstones (2/2)
   (You found it on level 2 of the Lair of Beasts)


   Skills:
 + Level 16.7 Fighting
 - Level 20.0 Axes
 + Level 16.7 Armour
 + Level 13.0 Dodging
 - Level 3.6 Shields
 + Level 7.6 Evocations


You had 14 spell levels left.
You didn't know any spells.
Your spell library was empty.

Dungeon Overview and Level Annotations

Branches:
Dungeon (15/15)            Temple (1/1) D:7            Lair (5/5) D:11
  Swamp (0/4) Lair:2        Snake (0/4) Lair:3        Slime (0/5) Lair:5
    Orc (2/2) D:12         Vaults (0/5) D:13         Depths (0/4) D:15
    Elf: Orc:2

Altars:
Ashenzari
Cheibriados
Dithmenos
Elyvilon
Fedhas
Gozag
Hepliaklqana
Kikubaaqudgha
Makhleb
Nemelex Xobeh
Okawaru
Qazlal
Ru
Trog
Uskayaw
Vehumet
Wu Jian
Xom
Yredelemnul
Zin
The Shining One
Jiyva

Shops:
D:2 *   D:3 ??(![   D:4 (   D:6 ?:   D:9 !:[   D:13 *

Annotations:
D:10 2 transporters, Golzeb's ghost, journeyman DrAE
D:13 3 runed translucent doors, exclusion: obsidian statue, Gonodgh's ghost, journeyman MiFi
Lair:5 1 runed translucent door
Orc:2 Nergalle; Saint Roka


Innate Abilities, Weirdness & Mutations

You have a pair of horns on your head.
You reflexively headbutt those who attack you in melee.


Message History

(P) Snake Pit (M) Slime Pits (O) Orcish Mines (V) Vaults (U) Depths
Where to? (Enter - Orc:1, ? - help)
You enter the shallow water.
Moving in this stuff is going to be slow.
You enter the shallow water.
Moving in this stuff is going to be slow.
There is a stone staircase leading down here.
You climb downwards.
You hear coins being counted.
An interdimensional caravan has stopped on this level and set up a bazaar.
Hurry and find its entrance before they move on!
The orc knight shouts!
The orc warrior shouts!
You hear a shout! x10
Found 30 gold pieces.
There is a stone staircase leading up here.
There are monsters nearby!
Found a stone staircase leading up.
You hear a shout!
An orc warrior comes into view. It is wielding a +1 vorpal battleaxe.
An orc knight comes into view. It is wielding a +1 halberd of venom.
Nergalle the Soulbinder comes into view.
She is wielding a +1 dagger of protection.
You slice the orc warrior!! You freeze the orc warrior.
You headbutt the orc warrior.
You kill the orc warrior!
You rampage towards the orc knight!
An orc and an orc warrior come into view.
An orc sorcerer comes into view.
It is wielding a +0 dagger and wearing a +2 robe of fire resistance.
The orc shouts!
The orc sorcerer shouts!
The orc warrior shouts!
You hear a shout! x5
An orc warrior comes into view. It is wielding a +0 battleaxe.
An orc comes into view. It is wielding a +0 hand axe.
The orc warrior shouts!
The orc shouts!
You slice the orc knight!! You freeze the orc knight!
You headbutt the orc knight.
The orc knight is severely wounded.
You hear a shout! x4
An orc warrior comes into view. It is wielding a +0 hand axe.
The orc knight roars a battlecry!
The orcs go into a battle-frenzy!
Nergalle is distracted by your dazzling golden aura.
An orc warrior comes into view. It is wielding a +0 hand axe.
The orc sorcerer is distracted by your dazzling golden aura.
An orc warrior comes into view. It is wielding a +0 broad axe.
You hear a shout!
Nergalle shouts!
The orc sorcerer shouts!
You slash the orc knight! You freeze the orc knight.
The orc knight is severely wounded.
You hear a shout! x4
An orc wizard comes into view. It is wielding a +0 dagger.
The orc knight hits you with a +1 vorpal long sword!
An orc comes into view. It is wielding a +0 hand axe.
An orc comes into view. It is wielding a +0 whip.
Saint Roka the Messiah comes into view.
They are wielding a +0 broad axe of pain.
An orc wizard comes into view. It is wielding a +0 dagger.
You barely miss the orc knight.
The orc knight is severely wounded.
The orc shouts!
You slash the orc warrior! You freeze the orc warrior.
The orc warrior attacks as you move away!
The orc warrior hits you with a +1 vorpal battleaxe!!
The orc sorcerer is no longer distracted by gold.
Nergalle is no longer distracted by gold.
The orc warrior is distracted by your dazzling golden aura.
The orc knight roars a battlecry!
The orcs go into a battle-frenzy!
Nergalle gestures at you while chanting.
Orcish apparitions take form around you.
You hear a shout!
Things that are here:
4 gold pieces; a +0 dire flail; a +0 chain mail The spectral orc attacks as you move away!
The spectral orc hits you but does no damage.
The orc warrior attacks as you move away!
The orc warrior hits you with a +1 vorpal battleaxe!!
The orc warrior is no longer distracted by gold.
An orc priest comes into view. It is wielding a +0 club.
An orc priest comes into view. It is wielding a +0 hand axe.
You completely miss the orc knight. You headbutt the orc knight.
The orc knight is almost dead.
You slash the orc warrior! You freeze the orc warrior.
You kill the orc warrior!
You slash the spectral orc! You freeze the spectral orc.
You destroy the spectral orc!
The spectral orc disappears in a puff of smoke!
The orc priest looks encouraged for a moment.
The orc wizard gestures wildly while chanting.
The orc wizard flickers and vanishes!
Deactivating autopickup; reactivate with Ctrl-A.
The orc knight hits you with a +1 vorpal long sword!!
* * * LOW HITPOINT WARNING * * *
x2 The orc sorcerer casts a spell.
Saint Roka roars a battlecry!
You hear a shout!
You are too injured to fight recklessly!
The orc knight attacks as you move away!
The orc knight hits you but does no damage.
Nergalle points at the orc priest and mumbles some strange words.
The orc priest seems to speed up.
There is a stone staircase leading up here.
The orc knight closely misses you.
The orc knight hits you from afar with a +1 halberd of venom!!
You die...
Your body crumbles into a pile of gold.

#.....o.o.
..{...oo $ $ $
#...oo# #o..oo#
$ #8oo48# #
#....o#.##
#o.#..o$o#..####
.......Zo.......
.......o@.......
................
$ $
<..$............
................
................
...............$
.........#......
..........#....


You could see 2 orc knights, Nergalle (strong), a hellwing (summoned), a
spectral orc warrior (summoned), an orc sorcerer (strong), 6 orc warriors, an
orc priest (fast, strong), an orc wizard (strong) and 3 orcs.

Vanquished Creatures
  Agnes (D:15)
  Kirke (D:12)
  An ironbound preserver (D:13)
  Azrael (D:12)
  A fire dragon (D:15)
  Josephine (D:12)
  A rakshasa (D:14)
  7 hydras
  3 boulder beetles
  2 catoblepae
  Erica (D:9)
  4 centaur warriors
  2 two-headed ogres
  4 tengu warriors
  A death yak (D:11)
  2 orc high priests (Orc:1)
  6 skeletal warriors
  Pikel (D:3)
  2 necromancers
  A deep elf zephyrmancer (D:15)
  3 deep elf pyromancers
  8 ugly things
  6 cyclopes
  An orc sorcerer (D:15)
  3 manticores
  A will-o-the-wisp (Lair:2)
  A guardian serpent (Lair:3)
  Maurice (D:9)
  14 elephants
  A guardian serpent (shapeshifter) (D:14)
  2 torpor snails
  3 centaur zombies (D:15)
  2 black mambas
  2 unseen horrors (D:11)
  2 naga magi (D:15)
  A gargoyle (D:12)
  2 kobold demonologists
  A centaur skeleton (D:15)
  A cane toad (shapeshifter) (D:15)
  2 rime drakes
  7 cane toads
  3 efreet
  8 komodo dragons
  A tengu conjurer (D:14)
  A freezing wraith (D:15)
  A yaktaur (D:12)
  8 polar bears
  9 trolls
  A burning bush (Lair:3)
  Grinder (D:4)
  3 meliai (D:15)
  6 hornets
  A polar bear (shapeshifter) (D:14)
  A blink frog (shapeshifter) (D:14)
  17 blink frogs
  8 dream sheep (Lair:5)
  11 spriggans (Lair:5)
  Sigmund (D:4)
  2 fire elementals (D:12)
  48 yaks
  2 shadows (D:11)
  5 wyverns
  2 hogs (D:12)
  5 wraiths
  5 basilisks
  2 steam dragons
  2 death yak simulacra (Lair:3)
  8 vampire mosquitoes
  2 wargs (Orc:1)
  10 water moccasins
  2 hell hounds (D:12)
  An acid dragon (D:13)
  2 elephant zombies (Lair:4)
  12 orc warriors
  An ice beast (D:8)
  6 black bears
  3 ogres
  33 wolves
  5 boggarts (Lair:5)
  4 centaurs
  2 phantoms (D:6)
  A lemure (D:3)
  A kobold brigand (D:9)
  11 bullfrogs
  2 komodo dragon zombies (Lair:4)
  A necrophage (D:6)
  3 gnoll sergeants
  A cane toad simulacrum (Lair:3)
  A scorpion (D:4)
  16 wights
  3 killer bees (D:9)
  4 electric eels
  2 vampire bats (D:9)
  6 howler monkeys
  A basilisk zombie (Lair:4)
  6 hounds
  3 jellies
  6 orc priests
  2 gnoll boudas
  3 iguanas
  11 orc wizards
  5 hell rats (Lair:3)
  A boggart skeleton (D:15)
  2 polar bear simulacra (Lair:3)
  20 gnolls
  9 adders
  A shadow imp (D:6)
  4 white imps
  3 ufetubi
  A worm (D:2)
  2 dart slugs
  55 orcs
  3 bat skeletons (D:9)
  3 bat zombies (D:9)
  4 endoplasms
  4 giant cockroaches
  7 goblins
  4 hobgoblins
  15 jackals
  2 quokkas
  10 ball pythons
  9 bats
  3 frilled lizards
  9 kobolds
  6 rats
  A plant (D:12)
619 creatures vanquished.

Vanquished Creatures (others)
  4 foxfires (Lair:2)
  17 fungi
  20 plants
41 creatures vanquished.

Grand Total: 660 creatures vanquished

Notes
Turn   | Place    | Note
-------+----------+-------------------------------------------
     0 | D:1      | Flugkiller the Minotaur Fighter began the quest for the
                  | Orb.
     0 | D:1      | Reached XP level 1. HP: 19/19 MP: 0/0
    56 | D:1      | Found a faded altar of an unknown god.
    65 | D:1      | Reached skill level 3 in Axes
    65 | D:1      | Reached XP level 2. HP: 27/27 MP: 1/1
   589 | D:1      | Reached XP level 3. HP: 32/33 MP: 2/2
   800 | D:2      | You fall into a shaft and drop 1 floor!
  1033 | D:3      | Reached skill level 4 in Axes
  1053 | D:3      | Reached XP level 4. HP: 39/40 MP: 3/3
  1507 | D:2      | Found Loacry's General Store.
  1546 | D:2      | Bought a scroll of blinking for 75 gold pieces
  1899 | D:3      | Found Viweeh's Magic Scroll Emporium.
  1904 | D:3      | Bought a scroll of identify for 20 gold pieces
  1915 | D:3      | Bought a scroll of teleportation for 30 gold pieces
  1992 | D:3      | Found Hehu's Magic Scroll Shop.
  2024 | D:3      | Found Joysuiw's Weapon Shoppe.
  2095 | D:3      | Found Xippem Boum's Armour Shoppe.
  2126 | D:3      | Found Ismizoh's Distillery.
  2261 | D:4      | Found Nyavysuk's Weapon Shop.
  2268 | D:4      | Noticed Pikel
  2270 | D:4      | Noticed a lemure
  2275 | D:4      | Noticed a lemure
  2279 | D:4      | Noticed a lemure
  2283 | D:3      | Killed a lemure
  2286 | D:3      | Killed Pikel
  2287 | D:3      | Reached skill level 5 in Fighting
  2287 | D:3      | Reached skill level 6 in Axes
  2287 | D:3      | Reached skill level 5 in Armour
  2287 | D:3      | Reached XP level 5. HP: 29/50 MP: 4/4
  2287 | D:3      | Reached XP level 6. HP: 33/57 MP: 5/5
  2287 | D:3      | Reached XP level 7. HP: 36/62 MP: 6/6
  2538 | D:4      | Reached skill level 7 in Axes
  3004 | D:4      | Noticed Grinder
  3014 | D:4      | Killed Grinder
  3497 | D:4      | Noticed Sigmund
  3505 | D:4      | Killed Sigmund
  3506 | D:4      | Reached skill level 8 in Axes
  3554 | D:4      | Reached XP level 8. HP: 71/71 MP: 7/7
  3975 | D:5      | Entered Level 5 of the Dungeon
  4336 | D:5      | Reached skill level 9 in Axes
  4984 | D:6      | Found Qeuhad's Magic Scroll Emporium.
  4990 | D:6      | Bought a scroll of blinking for 90 gold pieces
  5017 | D:6      | Noticed a two-headed ogre
  5026 | D:6      | Killed a two-headed ogre
  5027 | D:6      | Reached skill level 10 in Axes
  5027 | D:6      | Reached XP level 9. HP: 43/81 MP: 8/8
  5306 | D:6      | Reached skill level 11 in Axes
  5547 | D:6      | Reached skill level 12 in Axes
  5572 | D:6      | Found Funomaur's Tremendous Tomes.
  6302 | D:7      | Found a staircase to the Ecumenical Temple.
  6381 | Temple   | Entered the Ecumenical Temple
  6516 | D:7      | Reached skill level 13 in Axes
  6734 | D:7      | Identified the ring of Qousmine {MP+9 Slay+4 Stlth+}
  7292 | D:8      | Identified the +4 chain mail of the Blacksmith {+Inv Fly
                  | rN+ Str-5}
  7572 | D:8      | Reached XP level 10. HP: 63/87 MP: 9/9
  7576 | D:8      | Reached skill level 14 in Axes
  8611 | Temple   | Became a worshipper of Gozag Ym Sagoz the Greedy
  8697 | D:9      | Found Higoa's Book Boutique.
  8707 | D:9      | Reached skill level 1 in Dodging
  8935 | D:9      | Found Xextamp's Distillery.
  9066 | D:9      | Reached skill level 15 in Axes
  9068 | D:9      | Found a sacrificial altar of Ru.
  9127 | D:9      | Reached skill level 10 in Fighting
  9127 | D:9      | Reached skill level 10 in Armour
  9456 | D:9      | Found a snail-covered altar of Cheibriados.
  9558 | D:9      | Noticed Maurice
  9585 | D:9      | Killed Maurice
  9697 | D:9      | Noticed Erica
  9700 | D:9      | Killed Erica
  9701 | D:9      | Reached skill level 16 in Axes
 10011 | D:9      | Found Kinaid's Armour Boutique.
 10172 | D:3      | Bought a +1 pair of gloves of dexterity for 231 gold pieces
 10229 | D:3      | Bought a scroll of enchant weapon for 75 gold pieces
 10229 | D:3      | Bought a scroll of enchant armour for 75 gold pieces
 10460 | D:9      | Found an ancient bone altar of Kikubaaqudgha.
 10710 | D:10     | Entered Level 10 of the Dungeon
 10761 | D:10     | Reached XP level 11. HP: 101/101 MP: 10/10
 10901 | D:10     | Noticed a tengu warrior
 10901 | D:10     | Noticed a two-headed ogre
 10905 | D:10     | Found a transporter.
 10931 | D:10     | Found a bloodstained altar of Trog.
 10944 | D:10     | Found a transporter.
 10957 | D:10     | Noticed a two-headed ogre
 10960 | D:10     | Noticed Golzeb's ghost (journeyman DrAE)
 11200 | D:10     | Reached skill level 17 in Axes
 11595 | D:11     | Found a staircase to the Lair.
 11595 | D:11     | Noticed a death yak
 11604 | D:11     | Killed a death yak
 11608 | D:11     | Reached skill level 5 in Dodging
 11768 | D:11     | Found a shimmering altar of Xom.
 11771 | D:11     | Reached skill level 18 in Axes
 12330 | D:11     | Noticed a two-headed ogre
 12333 | D:11     | Killed a two-headed ogre
 12513 | D:11     | Reached skill level 19 in Axes
 12670 | Lair:1   | Entered Level 1 of the Lair of Beasts
 12954 | Lair:1   | Reached XP level 12. HP: 105/112 MP: 11/11
 13866 | Lair:2   | You fall into a shaft and drop 2 floors!
 13994 | Lair:4   | Noticed a four-headed hydra
 14001 | Lair:4   | Killed a seven-headed hydra
 14002 | Lair:4   | Reached skill level 20 in Axes
 14210 | Lair:4   | Noticed a five-headed hydra
 14216 | Lair:4   | Killed an eight-headed hydra
 14972 | Lair:4   | Reached XP level 13. HP: 118/122 MP: 12/12
 15648 | Lair:3   | Found a staircase to the Snake Pit.
 15734 | Lair:3   | Found a frozen archway.
 16333 | Lair:3   | Reached skill level 1 in Evocations
 17057 | Lair:2   | Reached skill level 10 in Dodging
 17255 | Lair:2   | Found a staircase to the Swamp.
 17695 | D:3      | Bought 2 scrolls of acquirement for 1352 gold pieces
 17695 | D:3      | Acquired a manual of Shields
 17699 | D:3      | Acquired the +1 crystal plate armour of Ididwakh {Harm}
 18033 | Lair:5   | Entered Level 5 of the Lair of Beasts
 18848 | Lair:5   | Reached XP level 14. HP: 130/133 MP: 13/13
 18942 | Lair:5   | Reached skill level 15 in Armour
 19009 | Lair:5   | Reached skill level 15 in Fighting
 19065 | Lair:5   | Identified the +1 scale mail of the Dozen Princes {Contam
                  | rElec rN++ rCorr}
 19188 | Lair:5   | Found a runed translucent door.
 19189 | Lair:5   | Found a viscous altar of Jiyva.
 19191 | Lair:5   | Found a staircase to the Slime Pits.
 19203 | Lair:5   | Found a hide-covered altar of Uskayaw.
 19203 | Lair:5   | Found an ornate altar of the Wu Jian Council.
 19894 | D:12     | Reached skill level 5 in Evocations
 19922 | D:12     | Noticed Azrael
 19924 | D:12     | Noticed Josephine
 20128 | D:12     | Killed Josephine
 20302 | D:12     | Killed Azrael
 20450 | D:12     | Found a staircase to the Orcish Mines.
 20550 | D:12     | Noticed Kirke
 20558 | D:12     | Killed Kirke
 21196 | D:13     | Found a gate to the Vaults.
 21196 | D:13     | Found the +8 frozen axe "Frostbite" {freezing cloud, *Noise
                  | Fly rC+}
 21196 | D:13     | Noticed an ironbound preserver
 21203 | D:13     | Killed an ironbound preserver
 21507 | D:13     | Found a runed translucent gate.
 21536 | D:13     | Found a runed translucent gate.
 21536 | D:13     | Found a runed translucent gate.
 21539 | D:13     | Found an opulent altar of Gozag.
 21540 | D:13     | Noticed Gonodgh's ghost (journeyman MiFi)
 21542 | D:13     | Found Tyhynnu's Assorted Antiques.
 22592 | D:15     | Entered Level 15 of the Dungeon
 22602 | D:15     | Reached XP level 15. HP: 119/144 MP: 14/14
 23160 | D:15     | Found a white marble altar of Elyvilon.
 23243 | D:15     | Noticed Agnes
 23253 | D:15     | Killed Agnes
 23724 | D:15     | Found a staircase to the Depths.
 24125 | Orc:1    | Entered Level 1 of the Orcish Mines
 24778 | Orc:2    | Entered Level 2 of the Orcish Mines
 24779 | Orc:2    | Noticed Nergalle
 24783 | Orc:2    | Noticed Saint Roka
 24789 | Orc:2    | Slain by an orc knight

Illustrated notes

Levels and vault maps discovered:
D:1:      psy_arrival_radial01, layout_rooms, hellmonk_ecumenical_altar_lost_god
D:2:      layout_loops_ring, serial_shops, shop, hangedman_decor_push
D:3:      layout_loops_ring, serial_shops, nicolae_shop_stone,
          nicolae_lakefront_shop, shop, nicolae_shop_hallway_stairs,
          nicolae_shop_hallway_stairs, nicolae_figureground_pulse
D:4:      layout_loops_corners, serial_shops, nicolae_stop_n_shop_1,
          uniq_sigmund, uniq_grinder, uniq_pikel
D:5:      layout_basic, minmay_misc_feat_pillars
D:6:      layout_rooms, serial_shops, nicolae_shop_advertising_works
          [nicolae_subvault_shop_adworks], roderic_lattice_a,
          minmay_misc_feat_encased, nicolae_shop_i_like_big_books,
          chequers_serial_rivers_room_b, minmay_manual_moon
D:7:      layout_loops_corners, minmay_temple_entry_wispy, enter_bailey_5
D:8:      layout_loops_ring
D:9:      layout_roguey, kennysheep_vampire_church,
          mainiacjoe_overflow_catch_the_wave, serial_shops,
          nicolae_inconvenience_store, shop_fountains, shop, uniq_maurice,
          uniq_erica
D:10:     layout_loops_ring, gammafunk_ghost_wrathful_warriors, minivault_22
D:11:     layout_stronghold, david_lair_generic, dk_noncrumbling_3,
          xom_confusion_cloud
D:12:     layout_loops_ring, orc_0_dummy, minmay_misc_feat_alley,
          serial_bayou_pond_d, uniq_kirke, uniq_josephine, uniq_azrael
D:13:     layout_loops_ring, skrybe_vaults_entry_preservation,
          ebering_ghost_gozag, hangedman_decor_opposing
D:14:     layout_roguey
D:15:     grunt_enter_depths_magical_seal, layout_basic, elyvilon_altar_1,
          gauntlet_entry_generic, uniq_agnes
Temple:   compressed_dpeg_triangle_lava_temple
Lair:1:   layout_chaotic_city, chequers_serial_rivers_small_b,
          serial_bayou_shore_b
Lair:2:   layout_loops_ring, minmay_swamp_entry_wisps
Lair:3:   layout_gridlike, minmay_snake_entry_spellcaster,
          portal_ice_cave_entry_ice_simulacra, evilmike_ambush
          [evilmike_ambush_outer_pillars, evilmike_ambush_inner_wall_1]
Lair:4:   pond_and_an_island_with_a_cottage, layout_gridlike,
          serial_bayou_pond_e, chequers_serial_rivers_large_b
Lair:5:   minmay_lair_end_enchanted_forest, layout_layer_cave, slime_entry_2,
          nicolae_volcano_entry_s_turn, nzn_masters_of_martial_movement
Orc:1:    layout_caves, mines_bat_river
Orc:2:    grunt_orc_cross, layout_caves, serial_shops, bzr_entry_dummy,
          minmay_orc_keep

Skill      XL: |  1  2  3  4  5  6  7  8  9 10 11 12 13 14 15 |
---------------+----------------------------------------------+-----
Axes           | 3 4 6 8 10 13 16 19 20 | 20.0
Fighting       | 4 5 6 8 9 10 11 13 14 16 | 16.7
Armour         | 4 5 6 8 9 10 11 13 14 16 | 16.7
Dodging        | 3 6 8 10 12 13 | 13.0
Evocations     | 4 6 7 |  7.6
Shields        | |  3.6

Action                   |  1- 3 |  4- 6 |  7- 9 | 10-12 | 13-15 || total
-------------------------+-------+-------+-------+-------+-------++-------
Melee: War axe           |    71 |    61 |   305 |     8 |       ||   445
       Headbutt          |     9 |     7 |    58 |    60 |   127 ||   261
       Battleaxe         |       |       |       |   324 |   539 ||   863
Evoke: Wand              |       |       |       |     1 |     3 ||     4
  Use: Scroll            |       |     9 |     3 |     6 |    14 ||    32
       Potion            |       |     1 |     1 |       |     1 ||     3
 Stab: Distracted        |       |       |       |     2 |     8 ||    10
       Paralysed         |       |       |       |       |     1 ||     1
       Petrified         |       |       |       |       |     4 ||     4
Armor: Scale mail        |    29 |    36 |    21 |       |       ||    86
       Plate armour      |       |       |   154 |   197 |    56 ||   407
       Crystal plate arm |       |       |       |       |   272 ||   272
Dodge: Dodged            |    26 |    33 |    97 |   121 |   196 ||   473
Block: Buckler           |    24 |    18 |    72 |     1 |       ||   115
